 Dungeon Sprint DCSS version 0.19.5 (webtiles) character file.

439 dwjmeijer the Covert (level 6, 0/28 HPs)
             Began as a Spriggan Enchanter on Apr 25, 2017.
             Was an Initiate of Nemelex Xobeh.
             Slain by a slime creature (15 damage)
             ... in the Dungeon (Sprint I: "Red Sonja").
             The game lasted 00:01:43 (251 turns).

dwjmeijer the Covert (Spriggan Enchanter)            Turns: 251, Time: 00:01:44

Health: 0/28       AC:  3    Str:  4    XL:     6   Next: 70%
Magic:  14/18      EV: 18    Int: 16    God:    Nemelex Xobeh [......]
Gold:   297        SH:  0    Dex: 19    Spells: 5 memorised, 11 levels left

rFire  . . .     SeeInvis +     k - +0 dagger (speed)
rCold  . . .     Gourm    .     b - +1 robe
rNeg   . . .     Faith    .     (shield restricted)
rPois  .         Spirit   .     (helmet restricted)
rElec  .         Reflect  .     (no cloak)
rCorr  .         Harm     .     (gloves unavailable)
MR     +....     NoTele   +     (boots unavailable)
Stlth  ++++++....               (no amulet)
                                (no ring)
                                (no ring)

@: very quick
A: unfitting armour, see invisible, herbivore 3, speed 3, slow metabolism 2
a: Renounce Religion


You were in the Dungeon.
You worshipped Nemelex Xobeh.
Nemelex Xobeh was noncommittal.
You were not hungry.

You visited 1 branch You collected 297 gold pieces.

Inventory:

Hand Weapons
 a - a +1 dagger
 k - a +0 dagger of speed (weapon)
Armour
 b - a +1 robe (worn)
Scrolls
 j - a scroll of blinking
Potions
 e - a potion of curing
 f - a potion of heal wounds
 g - a potion of haste
 h - 2 potions of magic
 i - a potion of ambrosia {unknown}
 l - a potion of degeneration {unknown}
Books
 c - a book of Maledictions

   Spells                             Type                      Level
   a - Corona                         Hexes                        1
   b - Ensorcelled Hibernation        Hexes/Ice                    2
   c - Confuse                        Hexes                        3
   d - Tukima's Dance                 Hexes                        3
   e - Dazzling Spray                 Conjuration/Hexes            3
 m - a book of Minor Magic

   Spells                             Type                      Level
   a - Magic Dart                     Conjuration                  1
   b - Blink                          Translocation                2
   c - Call Imp                       Summoning                    2
   d - Repel Missiles                 Charms/Air                   2
   e - Slow                           Hexes                        2
   f - Conjure Flame                  Conjuration/Fire             3
   g - Mephitic Cloud                 Conjuration/Poison/Air       3
Miscellaneous
 n - a plain deck of escape
Comestibles
 d - 2 bread rations


   Skills:
 - Level 1.1 Short Blades
 - Level 3.0 Dodging
 + Level 13.1 Stealth
 - Level 8.9 Spellcasting
 * Level 11.6 Hexes
 + Level 0.0 Invocations


You had 11 spell levels left.
You knew the following spells:

 Your Spells              Type           Power        Failure   Level  Hunger
a - Corona                Hex            #####..      1%          1    None
b - Ensorcelled Hibernat  Hex/Ice        ####..       1%          2    None
c - Confuse               Hex            #####...     1%          3    #......
d - Dazzling Spray        Conj/Hex       ####..       2%          3    #......
e - Slow                  Hex            #####...     1%          2    None


Dungeon Overview and Level Annotations

Branches:
Dungeon (1/1)

Altars:
Cheibriados
Dithmenos
Elyvilon
Fedhas
Gozag
Hepliaklqana
Kikubaaqudgha
Makhleb
Nemelex Xobeh
Okawaru
Qazlal
Ru
Sif Muna
Trog
Uskayaw
Vehumet
Xom
Yredelemnul
Zin
The Shining One
Jiyva
Lugonu

Shops:
D %


Innate Abilities, Weirdness & Mutations

You are very small and have problems with some larger weapons.
You are too small for most types of armour.
You have supernaturally acute eyesight. (SInv)
You are a herbivore.
You cover ground extremely quickly.
You need consume almost no food.


Message History

n - a plain deck of escape
There is an open door here.
There is a viscous altar of Jiyva here.
The helpless slime creature fails to defend itself.
You skewer the slime creature like a kebab!!!
The slime creature is almost dead.
Cast which spell? (? or * to list)
Aiming: Ensorcelled Hibernation
Press: ? - help, Shift-Dir - straight line, f - slime creature
Aim: a slime creature (almost dead, chance to defeat MR: 37%)
The slime creature easily resists.
The slime creature hits you!
Casting: Ensorcelled Hibernation
Confirm with . or Enter, or press ? or * to list all spells.
Aiming: Ensorcelled Hibernation
Press: ? - help, Shift-Dir - straight line, f/p - slime creature
Aim: a slime creature (almost dead, chance to defeat MR: 37%)
The slime creature easily resists.
The slime creature hits you!
Ouch! That really hurt!
You die...
Your body disappears without a glow.

###################
#<.#.['..#.)'..#@_#
#..'..#.)'..#..'.J+
#..#####'#####'#__#
#..####..#...#.####
#..#__####..##.#
#..#_____##'#..+
#⌠⌠#_.∩..†'..._#
####_..__##_.#+#
#_____###+#


You could see a slime creature.

Vanquished Creatures
  Sigmund (D)
  A yak (D)
  An ogre (D)
  A jelly (D)
  Ijyb (D)
5 creatures vanquished.

Notes
Turn   | Place    | Note
-------+----------+-------------------------------------------
     0 | D        | dwjmeijer the Spriggan Enchanter began the quest for the Orb.
     0 | D        | Reached XP level 1. HP: 9/9 MP: 5/5
     2 | D        | Noticed Ijyb
     6 | D        | Killed Ijyb
     6 | D        | Reached skill level 6 in Stealth
     6 | D        | Reached skill level 5 in Hexes
     6 | D        | Reached XP level 2. HP: 13/13 MP: 5/8
    40 | D        | Learned a level 2 spell: Ensorcelled Hibernation
    42 | D        | Noticed an ogre
    47 | D        | Killed an ogre
    47 | D        | Reached skill level 9 in Stealth
    47 | D        | Reached XP level 3. HP: 9/16 MP: 9/12
    47 | D        | Reached XP level 4. HP: 12/21 MP: 9/13
   170 | D        | Learned a level 3 spell: Confuse
   174 | D        | Learned a level 3 spell: Dazzling Spray
   175 | D        | Noticed Sigmund
   177 | D        | Killed Sigmund
   177 | D        | Reached skill level 11 in Stealth
   177 | D        | Reached XP level 5. HP: 24/24 MP: 14/17
   190 | D        | Found a deep blue altar of Sif Muna.
   192 | D        | Found a radiant altar of Vehumet.
   196 | D        | Reached skill level 12 in Stealth
   196 | D        | Reached XP level 6. HP: 28/28 MP: 16/18
   205 | D        | Learned a level 2 spell: Slow
   209 | D        | Found Qudetur's Food Emporium.
   209 | D        | Found an ancient bone altar of Kikubaaqudgha.
   209 | D        | Found a hazy altar of Hepliaklqana.
   209 | D        | Found a stormy altar of Qazlal.
   209 | D        | Found a hide-covered altar of Uskayaw.
   209 | D        | Found a blossoming altar of Fedhas.
   209 | D        | Found a bloodstained altar of Trog.
   209 | D        | Found an iron altar of Okawaru.
   209 | D        | Found a basalt altar of Yredelemnul.
   209 | D        | Found a glowing golden altar of the Shining One.
   209 | D        | Found a snail-covered altar of Cheibriados.
   209 | D        | Found a sacrificial altar of Ru.
   209 | D        | Found a glowing silver altar of Zin.
   209 | D        | Found a shadowy altar of Dithmenos.
   209 | D        | Found a white marble altar of Elyvilon.
   209 | D        | Noticed a yak
   210 | D        | Found an opulent altar of Gozag.
   211 | D        | Killed a yak
   211 | D        | Reached skill level 13 in Stealth
   212 | D        | Found a sparkling altar of Nemelex Xobeh.
   215 | D        | Became a worshipper of Nemelex Xobeh the Trickster
   245 | D        | Received a gift from Nemelex Xobeh
   245 | D        | Found a burning altar of Makhleb.
   245 | D        | Found a viscous altar of Jiyva.
   245 | D        | Found a shimmering altar of Xom.
   245 | D        | Found a corrupted altar of Lugonu.
   245 | D        | Noticed a slime creature
   251 | D        | Slain by a slime creature

Skill      XL: |  1  2  3  4  5  6 |
---------------+-------------------+-----
Stealth        | 6 9 11 12 13 | 13.1
Spellcasting   | 4 6 8 |  8.9
Hexes          | 5 7 9 11 | 11.6
Short Blades   | |  1.1
Dodging        | |  3.0

Action                   |  1- 3 |  4- 6 || total
-------------------------+-------+-------++-------
Melee: Dagger            |     6 |     4 ||    10
 Cast: Ensorcelled Hiber |       |     2 ||     2
  Use: Potion            |     1 |       ||     1
 Stab: Sleeping          |     2 |     4 ||     6
Dodge: Dodged            |     3 |       ||     3
